 Dungeon Crawl Stone Soup version 0.31-a0-219-g8d62b2e7bb (webtiles) character file.

Game seed: 7750228422853446666

347 qw the Chopper (level 6, 38/38 HPs)
             Began as a Gargoyle Fighter on July 3, 2023.
             Quit the game on level 4 of the Dungeon.
             The game lasted 00:06:59 (3701 turns).

qw the Chopper (Gargoyle Fighter)                   Turns: 3701, Time: 00:06:59

Health: 38/38      AC: 22    Str: 22    XL:     6   Next: 59%
Magic:  6/6        EV:  6    Int:  8    God:
Gold:   231        SH:  4    Dex:  9    Spells: 5/5 levels left

rFire   + . .        g - +0 war axe (vamp)
rCold   + . .        c - +0 buckler
rNeg    + . .        e - +0 plate armour
rPois   inf          (no helmet)
rElec   +            a - scarf "Cixocsoe" {rC+ rF+, *Slow rCorr Stlth+}
rCorr   +            k - +0 pair of gloves
SInv    .            f - +0 pair of boots
Will    .....        (no amulet) Stlth
                     b - +4 ring of protection
HPRegen 0.26/turn    (no ring)
MPRegen 0.10/turn

%: slow self (1%)
@: no status effects
A: sickness immunity, AC +4, negative energy resistance 1, electricity
resistance, torment resistance 1, petrification resistance
a: no special abilities


You were on level 4 of the Dungeon.
You visited 1 branch of the dungeon, and saw 4 of its levels.

You collected 231 gold pieces.


Innate Abilities, Weirdness & Mutations

You are immune to sickness and miasma.
Your stone body is resilient. (AC +4)
You are immune to poison.
You resist negative energy. (rN+)
You are resistant to electric shocks. (rElec)
You are resistant to unholy torment.
You are immune to petrification.


   Skills:
 - Level 4.2 Fighting
 + Level 5.5 Axes
 - Level 1.2 Throwing
 - Level 3.2 Armour
 - Level 3.2 Shields


You had 5 spell levels left.
You didn't know any spells.
Your spell library was empty.

Inventory:

Hand Weapons
 g - a +0 vampiric war axe (weapon)
 r - a +0 flail
 s - a +0 war axe
Missiles
 h - a javelin
 q - a boomerang (quivered)
Armour
 a - the scarf "Cixocsoe" (worn) {rC+ rF+, *Slow rCorr Stlth+}
   (You acquired it on level 2 of the Dungeon)

   rCorr:     It protects you from acid and corrosion.
   *Slow:     It may slow you when you take damage.
   Stlth:     It makes you more stealthy.
 c - a +0 buckler (worn)
 e - a +0 plate armour (worn)
 f - a +0 pair of boots (worn)
 k - a +0 pair of gloves (worn)
Jewellery
 b - a +4 ring of protection (left hand)
Scrolls
 t - a scroll of brand weapon
 Y - a scroll of identify
Potions
 d - 2 potions of might
 i - a potion of haste
 l - a potion of mutation
 o - a potion of curing {unknown}
 p - a potion of enlightenment {unknown}

Dungeon Overview and Level Annotations

Branches:
Dungeon (4/15)             Temple (0/1) D:4

Altars:
Makhleb

Annotations:
D:2 1 runed translucent door, Crazy Yiuf


Message History

The orc priest is heavily wounded.
The orc priest hits you but does no damage.
You slash the orc priest!
You feel better.
You kill the orc priest!
You start resting.
HP restored.
(D) Dungeon (T) Temple
Where to? (* - list waypoints, Enter - Temple, ? - help) Sorry, I don't know how to get there.
3693 ||| Stepping randomly (stuck).
You now have 231 gold pieces (gained 35).
h - a javelin
Things that are here:
a +0 falchion; a +0 ring mail; an orc corpse
(D) Dungeon (T) Temple
Where to? (* - list waypoints, Enter - Temple, ? - help) Sorry, I don't know how to get there.
3695 ||| Stepping randomly (stuck).
(D) Dungeon (T) Temple
Where to? (* - list waypoints, Enter - Temple, ? - help) Sorry, I don't know how to get there.
3696 ||| Stepping randomly (stuck).
(D) Dungeon (T) Temple
Where to? (* - list waypoints, Enter - Temple, ? - help) Sorry, I don't know how to get there.
3697 ||| Stepping randomly (stuck).
(D) Dungeon (T) Temple
Where to? (* - list waypoints, Enter - Temple, ? - help) Sorry, I don't know how to get there.
3698 ||| Stepping randomly (stuck).
(D) Dungeon (T) Temple
Where to? (* - list waypoints, Enter - Temple, ? - help) Sorry, I don't know how to get there.
3699 ||| Stepping randomly (stuck).
(D) Dungeon (T) Temple
Where to? (* - list waypoints, Enter - Temple, ? - help) Sorry, I don't know how to get there.
3700 ||| Stepping randomly (stuck).
Found a stone staircase leading down.
3701 ||| QUITTING!
Are you sure you want to abandon this character and quit the game? (Confirm with "yes".)

# # .#.# . .#.#>.
####### #.....
#.....##### ##....#
#.........# #..#..#
#.........####.#...#
#..........)..@%.#
#....)....#.##......#
#.........#.#...##....
#.........#....## ##.
############...# .....
#..... #...... ......


There were no monsters in sight!

Vanquished Creatures
  2 jellies (D:4)
  3 orc priests
  2 iguanas (D:4)
  An orc wizard (D:4)
  4 adders
  2 worms (D:2)
  3 dart slugs (D:3)
  11 orcs
  3 ball pythons
  7 endoplasms
  A giant cockroach (D:3)
  8 goblins
  8 hobgoblins
  5 quokkas
  5 bats
  3 frilled lizards
  2 kobolds (D:2)
  2 rats
72 creatures vanquished.

Notes
Turn   | Place    | Note
-------+----------+-------------------------------------------
     0 | D:1      | qw the Gargoyle Fighter began the quest for the Orb.
     0 | D:1      | Reached XP level 1. HP: 14/14 MP: 1/1
     0 | D:1      | 0 ||| qw: Version: 0.3-a-40-ge99b1a8
     0 | D:1      | 0 ||| qw: Game counter: 340
     0 | D:1      | 0 ||| qw: Melee chars always use a shield: true
     0 | D:1      | 0 ||| qw: God list: Okawaru
     0 | D:1      | 0 ||| qw: Allow faded altars: false
     0 | D:1      | 0 ||| qw: Do Orc after clearing Dungeon:15 true
     0 | D:1      | 0 ||| qw: Do second Lair branch before Depths: true
     0 | D:1      | 0 ||| qw: Lair rune preference: random
     0 | D:1      | 0 ||| qw: Goals: Normal, Zot:1-4, Slime:5, God:TSO, Crypt,
                  | Tomb, Abyss, Pan, Hells, Win
     0 | D:1      | 0 ||| PLANNING D:1-11
   293 | D:1      | Reached skill level 2 in Axes
   459 | D:1      | Reached XP level 2. HP: 19/19 MP: 2/2
   837 | D:1      | 837 ||| UPGRADING to +0 plate armour.
   847 | D:1      | 847 ||| DROPPING +0 scale mail.
   848 | D:1      | 848 ||| UPGRADING to +0 pair of boots.
   853 | D:1      | 853 ||| UPGRADING to +0 pair of gloves.
   858 | D:1      | 858 ||| READING scroll labelled VYTSAC YHYHU.
   859 | D:1      | 859 ||| READING 2 scrolls labelled FEHACK EHYESM.
   860 | D:1      | 860 ||| READING scroll labelled LUSTRI HADUSM.
   861 | D:1      | 861 ||| DROPPING scroll of immolation.
  1056 | D:2      | Reached skill level 3 in Axes
  1056 | D:2      | Reached XP level 3. HP: 20/23 MP: 3/3
  1086 | D:2      | Found a burning altar of Makhleb.
  1264 | D:2      | Reached XP level 4. HP: 28/28 MP: 4/4
  1357 | D:2      | Found a runed translucent door.
  1358 | D:2      | Noticed Crazy Yiuf
  1524 | D:2      | 1524 ||| DROPPING scarf of shadows.
  1525 | D:2      | 1525 ||| READING scroll labelled URYPRUDUJA.
  1577 | D:2      | 1577 ||| READING scroll labelled EVELIREFET.
  1578 | D:2      | 1578 ||| READING scroll labelled OTIGRA TEUNYE.
  1578 | D:2      | Identified a scroll of acquirement
  1578 | D:2      | 1578 ||| ACQUIRING scarf "Cixocsoe" {rC+ rF+, *Slow rCorr
                  | Stlth+}
  1578 | D:2      | Acquired the scarf "Cixocsoe" {rC+ rF+, *Slow rCorr Stlth+}
  1580 | D:2      | 1580 ||| UPGRADING to scarf "Cixocsoe" {rC+ rF+, *Slow
                  | rCorr Stlth+}.
  1585 | D:2      | 1585 ||| READING scroll labelled TERHYR SILASM.
  1689 | D:3      | 1689 ||| Stepping ~*~*~tactically~*~*~ (hiding).
  1709 | D:3      | Reached skill level 4 in Axes
  1715 | D:3      | 1715 ||| Stepping ~*~*~tactically~*~*~ (stealth).
  1716 | D:3      | 1716 ||| Stepping ~*~*~tactically~*~*~ (hiding).
  1718 | D:3      | 1718 ||| Stepping ~*~*~tactically~*~*~ (stealth).
  1719 | D:3      | 1719 ||| Stepping ~*~*~tactically~*~*~ (hiding).
  1736 | D:3      | Reached XP level 5. HP: 30/32 MP: 5/5
  1752 | D:3      | 1752 ||| DROPPING +0 club.
  1769 | D:3      | 1769 ||| Stepping ~*~*~tactically~*~*~ (hiding).
  1784 | D:3      | 1784 ||| Stepping ~*~*~tactically~*~*~ (stealth).
  1899 | D:3      | 1899 ||| Stepping ~*~*~tactically~*~*~ (hiding).
  2047 | D:3      | Reached skill level 5 in Axes
  2174 | D:3      | 2174 ||| Stepping ~*~*~tactically~*~*~ (hiding).
  2283 | D:3      | 2283 ||| UPGRADING to +4 ring of protection.
  2284 | D:3      | 2284 ||| READING 4 scrolls labelled KIMPIA UNYIS.
  2285 | D:3      | 2285 ||| DRINKING 2 sedimented yellow potions.
  2286 | D:3      | 2286 ||| READING 3 scrolls of identify.
  2286 | D:3      | 2286 ||| IDENTIFYING cyan potion
  2287 | D:3      | 2287 ||| READING 2 scrolls of identify.
  2287 | D:3      | 2287 ||| IDENTIFYING gluggy blue potion
  2288 | D:3      | 2288 ||| DROPPING potion of brilliance.
  2328 | D:4      | Found a staircase to the Ecumenical Temple.
  2330 | D:4      | 2330 ||| PLANNING TEMPLE
  2330 | D:4      | 2330 ||| READING 3 scrolls of identify.
  2330 | D:4      | 2330 ||| IDENTIFYING fuming black potion
  2331 | D:4      | 2331 ||| READING 2 scrolls of identify.
  2331 | D:4      | 2331 ||| IDENTIFYING coppery potion
  2333 | D:4      | 2333 ||| DROPPING potion of berserk rage.
  2334 | D:4      | 2334 ||| DROPPING potion of degeneration.
  2335 | D:4      | 2335 ||| Stepping ~*~*~tactically~*~*~ (stealth).
  2344 | D:4      | Reached skill level 1 in Throwing
  2347 | D:4      | 2347 ||| Stepping ~*~*~tactically~*~*~ (hiding).
  2348 | D:4      | 2348 ||| Stepping ~*~*~tactically~*~*~ (hiding).
  2349 | D:4      | 2349 ||| Stepping ~*~*~tactically~*~*~ (hiding).
  2354 | D:4      | HP: 4/33 [orc priest/divine providence (12)]
  2355 | D:4      | 2355 ||| READING scroll of teleportation.
  2359 | D:4      | Reached XP level 6. HP: 13/38 MP: 6/6
  2448 | D:4      | 2448 ||| Stepping randomly (stuck).
  2449 | D:4      | 2449 ||| Stepping randomly (stuck).
  2450 | D:4      | 2450 ||| Stepping randomly (stuck).
  2451 | D:4      | 2451 ||| Stepping randomly (stuck).
  2452 | D:4      | 2452 ||| Stepping randomly (stuck).
  2453 | D:4      | 2453 ||| Stepping randomly (stuck).
  2454 | D:4      | 2454 ||| Stepping randomly (stuck).
  2455 | D:4      | 2455 ||| Stepping randomly (stuck).
  2456 | D:4      | 2456 ||| Stepping randomly (stuck).
  2457 | D:4      | 2457 ||| Stepping randomly (stuck).
  2458 | D:4      | 2458 ||| Stepping randomly (stuck).
  2459 | D:4      | 2459 ||| Stepping randomly (stuck).
  2460 | D:4      | 2460 ||| Stepping randomly (stuck).
  2461 | D:4      | 2461 ||| Stepping randomly (stuck).
  2462 | D:4      | 2462 ||| Stepping randomly (stuck).
  2463 | D:4      | 2463 ||| Stepping randomly (stuck).
  2464 | D:4      | 2464 ||| Stepping randomly (stuck).
  2465 | D:4      | 2465 ||| Stepping randomly (stuck).
  2466 | D:4      | 2466 ||| Stepping randomly (stuck).
  2467 | D:4      | 2467 ||| Stepping randomly (stuck).
  2468 | D:4      | 2468 ||| Stepping randomly (stuck).
  2469 | D:4      | 2469 ||| Stepping randomly (stuck).
  2470 | D:4      | 2470 ||| Stepping randomly (stuck).
  2471 | D:4      | 2471 ||| Stepping randomly (stuck).
  2472 | D:4      | 2472 ||| Stepping randomly (stuck).
  2473 | D:4      | 2473 ||| Stepping randomly (stuck).
  2474 | D:4      | 2474 ||| Stepping randomly (stuck).
  2475 | D:4      | 2475 ||| Stepping randomly (stuck).
  2476 | D:4      | 2476 ||| Stepping randomly (stuck).
  2477 | D:4      | 2477 ||| Stepping randomly (stuck).
  2478 | D:4      | 2478 ||| Stepping randomly (stuck).
  2479 | D:4      | 2479 ||| Stepping randomly (stuck).
  2480 | D:4      | 2480 ||| Stepping randomly (stuck).
  2481 | D:4      | 2481 ||| Stepping randomly (stuck).
  2482 | D:4      | 2482 ||| Stepping randomly (stuck).
  2483 | D:4      | 2483 ||| Stepping randomly (stuck).
  2484 | D:4      | 2484 ||| Stepping randomly (stuck).
  2485 | D:4      | 2485 ||| Stepping randomly (stuck).
  2486 | D:4      | 2486 ||| Stepping randomly (stuck).
  2487 | D:4      | 2487 ||| Stepping randomly (stuck).
  2488 | D:4      | 2488 ||| Stepping randomly (stuck).
  2489 | D:4      | 2489 ||| Stepping randomly (stuck).
  2490 | D:4      | 2490 ||| Stepping randomly (stuck).
  2491 | D:4      | 2491 ||| Stepping randomly (stuck).
  2492 | D:4      | 2492 ||| Stepping randomly (stuck).
  2493 | D:4      | 2493 ||| Stepping randomly (stuck).
  2494 | D:4      | 2494 ||| Stepping randomly (stuck).
  2495 | D:4      | 2495 ||| Stepping randomly (stuck).
  2496 | D:4      | 2496 ||| Stepping randomly (stuck).
  2497 | D:4      | 2497 ||| Stepping randomly (stuck).
  2498 | D:4      | 2498 ||| Stepping randomly (stuck).
  2499 | D:4      | 2499 ||| Stepping randomly (stuck).
  2500 | D:4      | 2500 ||| Stepping randomly (stuck).
  2501 | D:4      | 2501 ||| Stepping randomly (stuck).
  2502 | D:4      | 2502 ||| Stepping randomly (stuck).
  2503 | D:4      | 2503 ||| Stepping randomly (stuck).
  2504 | D:4      | 2504 ||| Stepping randomly (stuck).
  2505 | D:4      | 2505 ||| Stepping randomly (stuck).
  2506 | D:4      | 2506 ||| Stepping randomly (stuck).
  2507 | D:4      | 2507 ||| Stepping randomly (stuck).
  2508 | D:4      | 2508 ||| Stepping randomly (stuck).
  2509 | D:4      | 2509 ||| Stepping randomly (stuck).
  2510 | D:4      | 2510 ||| Stepping randomly (stuck).
  2511 | D:4      | 2511 ||| Stepping randomly (stuck).
  2512 | D:4      | 2512 ||| Stepping randomly (stuck).
  2513 | D:4      | 2513 ||| Stepping randomly (stuck).
  2514 | D:4      | 2514 ||| Stepping randomly (stuck).
  2515 | D:4      | 2515 ||| Stepping randomly (stuck).
  2516 | D:4      | 2516 ||| Stepping randomly (stuck).
  2517 | D:4      | 2517 ||| Stepping randomly (stuck).
  2524 | D:4      | 2524 ||| Stepping randomly (stuck).
  2525 | D:4      | 2525 ||| Stepping randomly (stuck).
  2526 | D:4      | 2526 ||| Stepping randomly (stuck).
  2527 | D:4      | 2527 ||| Stepping randomly (stuck).
  2528 | D:4      | 2528 ||| Stepping randomly (stuck).
  2529 | D:4      | 2529 ||| Stepping randomly (stuck).
  2530 | D:4      | 2530 ||| Stepping randomly (stuck).
  2531 | D:4      | 2531 ||| Stepping randomly (stuck).
  2532 | D:4      | 2532 ||| Stepping randomly (stuck).
  2533 | D:4      | 2533 ||| Stepping randomly (stuck).
  2534 | D:4      | 2534 ||| Stepping randomly (stuck).
  2535 | D:4      | 2535 ||| Stepping randomly (stuck).
  2536 | D:4      | 2536 ||| Stepping randomly (stuck).
  2537 | D:4      | 2537 ||| Stepping randomly (stuck).
  2538 | D:4      | 2538 ||| Stepping randomly (stuck).
  2539 | D:4      | 2539 ||| Stepping randomly (stuck).
  2540 | D:4      | 2540 ||| Stepping randomly (stuck).
  2541 | D:4      | 2541 ||| Stepping randomly (stuck).
  2542 | D:4      | 2542 ||| Stepping randomly (stuck).
  2543 | D:4      | 2543 ||| Stepping randomly (stuck).
  2544 | D:4      | 2544 ||| Stepping randomly (stuck).
  2545 | D:4      | 2545 ||| Stepping randomly (stuck).
  2546 | D:4      | 2546 ||| Stepping randomly (stuck).
  2547 | D:4      | 2547 ||| Stepping randomly (stuck).
  2548 | D:4      | 2548 ||| Stepping randomly (stuck).
  2553 | D:4      | 2553 ||| Stepping randomly (stuck).
  2554 | D:4      | 2554 ||| Stepping randomly (stuck).
  2555 | D:4      | 2555 ||| Stepping randomly (stuck).
  2556 | D:4      | 2556 ||| Stepping randomly (stuck).
  2557 | D:4      | 2557 ||| Stepping randomly (stuck).
  2558 | D:4      | 2558 ||| Stepping randomly (stuck).
  2559 | D:4      | 2559 ||| Stepping randomly (stuck).
  2560 | D:4      | 2560 ||| Stepping randomly (stuck).
  2561 | D:4      | 2561 ||| Stepping randomly (stuck).
  2562 | D:4      | 2562 ||| Stepping randomly (stuck).
  2563 | D:4      | 2563 ||| Stepping randomly (stuck).
  2564 | D:4      | 2564 ||| Stepping randomly (stuck).
  2565 | D:4      | 2565 ||| Stepping randomly (stuck).
  2566 | D:4      | 2566 ||| Stepping randomly (stuck).
  2567 | D:4      | 2567 ||| Stepping randomly (stuck).
  2568 | D:4      | 2568 ||| Stepping randomly (stuck).
  2569 | D:4      | 2569 ||| Stepping randomly (stuck).
  2570 | D:4      | 2570 ||| Stepping randomly (stuck).
  2571 | D:4      | 2571 ||| Stepping randomly (stuck).
  2572 | D:4      | 2572 ||| Stepping randomly (stuck).
  2573 | D:4      | 2573 ||| Stepping randomly (stuck).
  2574 | D:4      | 2574 ||| Stepping randomly (stuck).
  2575 | D:4      | 2575 ||| Stepping randomly (stuck).
  2576 | D:4      | 2576 ||| Stepping randomly (stuck).
  2577 | D:4      | 2577 ||| Stepping randomly (stuck).
  2578 | D:4      | 2578 ||| Stepping randomly (stuck).
  2579 | D:4      | 2579 ||| Stepping randomly (stuck).
  2580 | D:4      | 2580 ||| Stepping randomly (stuck).
  2581 | D:4      | 2581 ||| Stepping randomly (stuck).
  2582 | D:4      | 2582 ||| Stepping randomly (stuck).
  2583 | D:4      | 2583 ||| Stepping randomly (stuck).
  2584 | D:4      | 2584 ||| Stepping randomly (stuck).
  2585 | D:4      | 2585 ||| Stepping randomly (stuck).
  2586 | D:4      | 2586 ||| Stepping randomly (stuck).
  2587 | D:4      | 2587 ||| Stepping randomly (stuck).
  2588 | D:4      | 2588 ||| Stepping randomly (stuck).
  2589 | D:4      | 2589 ||| Stepping randomly (stuck).
  2590 | D:4      | 2590 ||| Stepping randomly (stuck).
  2591 | D:4      | 2591 ||| Stepping randomly (stuck).
  2592 | D:4      | 2592 ||| Stepping randomly (stuck).
  2593 | D:4      | 2593 ||| Stepping randomly (stuck).
  2594 | D:4      | 2594 ||| Stepping randomly (stuck).
  2595 | D:4      | 2595 ||| Stepping randomly (stuck).
  2596 | D:4      | 2596 ||| Stepping randomly (stuck).
  2597 | D:4      | 2597 ||| Stepping randomly (stuck).
  2598 | D:4      | 2598 ||| Stepping randomly (stuck).
  2599 | D:4      | 2599 ||| Stepping randomly (stuck).
  2600 | D:4      | 2600 ||| Stepping randomly (stuck).
  2601 | D:4      | 2601 ||| Stepping randomly (stuck).
  2602 | D:4      | 2602 ||| Stepping randomly (stuck).
  2603 | D:4      | 2603 ||| Stepping randomly (stuck).
  2604 | D:4      | 2604 ||| Stepping randomly (stuck).
  2605 | D:4      | 2605 ||| Stepping randomly (stuck).
  2606 | D:4      | 2606 ||| Stepping randomly (stuck).
  2607 | D:4      | 2607 ||| Stepping randomly (stuck).
  2608 | D:4      | 2608 ||| Stepping randomly (stuck).
  2609 | D:4      | 2609 ||| Stepping randomly (stuck).
  2610 | D:4      | 2610 ||| Stepping randomly (stuck).
  2611 | D:4      | 2611 ||| Stepping randomly (stuck).
  2612 | D:4      | 2612 ||| Stepping randomly (stuck).
  2613 | D:4      | 2613 ||| Stepping randomly (stuck).
  2614 | D:4      | 2614 ||| Stepping randomly (stuck).
  2615 | D:4      | 2615 ||| Stepping randomly (stuck).
  2616 | D:4      | 2616 ||| Stepping randomly (stuck).
  2617 | D:4      | 2617 ||| Stepping randomly (stuck).
  2618 | D:4      | 2618 ||| Stepping randomly (stuck).
  2619 | D:4      | 2619 ||| Stepping randomly (stuck).
  2620 | D:4      | 2620 ||| Stepping randomly (stuck).
  2621 | D:4      | 2621 ||| Stepping randomly (stuck).
  2622 | D:4      | 2622 ||| Stepping randomly (stuck).
  2623 | D:4      | 2623 ||| Stepping randomly (stuck).
  2624 | D:4      | 2624 ||| Stepping randomly (stuck).
  2625 | D:4      | 2625 ||| Stepping randomly (stuck).
  2626 | D:4      | 2626 ||| Stepping randomly (stuck).
  2627 | D:4      | 2627 ||| Stepping randomly (stuck).
  2628 | D:4      | 2628 ||| Stepping randomly (stuck).
  2629 | D:4      | 2629 ||| Stepping randomly (stuck).
  2630 | D:4      | 2630 ||| Stepping randomly (stuck).
  2631 | D:4      | 2631 ||| Stepping randomly (stuck).
  2632 | D:4      | 2632 ||| Stepping randomly (stuck).
  2633 | D:4      | 2633 ||| Stepping randomly (stuck).
  2634 | D:4      | 2634 ||| Stepping randomly (stuck).
  2635 | D:4      | 2635 ||| Stepping randomly (stuck).
  2636 | D:4      | 2636 ||| Stepping randomly (stuck).
  2637 | D:4      | 2637 ||| Stepping randomly (stuck).
  2638 | D:4      | 2638 ||| Stepping randomly (stuck).
  2639 | D:4      | 2639 ||| Stepping randomly (stuck).
  2640 | D:4      | 2640 ||| Stepping randomly (stuck).
  2641 | D:4      | 2641 ||| Stepping randomly (stuck).
  2642 | D:4      | 2642 ||| Stepping randomly (stuck).
  2643 | D:4      | 2643 ||| Stepping randomly (stuck).
  2644 | D:4      | 2644 ||| Stepping randomly (stuck).
  2645 | D:4      | 2645 ||| Stepping randomly (stuck).
  2646 | D:4      | 2646 ||| Stepping randomly (stuck).
  2647 | D:4      | 2647 ||| Stepping randomly (stuck).
  2648 | D:4      | 2648 ||| Stepping randomly (stuck).
  2649 | D:4      | 2649 ||| Stepping randomly (stuck).
  2650 | D:4      | 2650 ||| Stepping randomly (stuck).
  2651 | D:4      | 2651 ||| Stepping randomly (stuck).
  2652 | D:4      | 2652 ||| Stepping randomly (stuck).
  2653 | D:4      | 2653 ||| Stepping randomly (stuck).
  2654 | D:4      | 2654 ||| Stepping randomly (stuck).
  2655 | D:4      | 2655 ||| Stepping randomly (stuck).
  2656 | D:4      | 2656 ||| Stepping randomly (stuck).
  2657 | D:4      | 2657 ||| Stepping randomly (stuck).
  2658 | D:4      | 2658 ||| Stepping randomly (stuck).
  2659 | D:4      | 2659 ||| Stepping randomly (stuck).
  2660 | D:4      | 2660 ||| Stepping randomly (stuck).
  2665 | D:4      | 2665 ||| Stepping randomly (stuck).
  2666 | D:4      | 2666 ||| Stepping randomly (stuck).
  2667 | D:4      | 2667 ||| Stepping randomly (stuck).
  2668 | D:4      | 2668 ||| Stepping randomly (stuck).
  2669 | D:4      | 2669 ||| Stepping randomly (stuck).
  2670 | D:4      | 2670 ||| Stepping randomly (stuck).
  2671 | D:4      | 2671 ||| Stepping randomly (stuck).
  2672 | D:4      | 2672 ||| Stepping randomly (stuck).
  2673 | D:4      | 2673 ||| Stepping randomly (stuck).
  2674 | D:4      | 2674 ||| Stepping randomly (stuck).
  2675 | D:4      | 2675 ||| Stepping randomly (stuck).
  2676 | D:4      | 2676 ||| Stepping randomly (stuck).
  2677 | D:4      | 2677 ||| Stepping randomly (stuck).
  2678 | D:4      | 2678 ||| Stepping randomly (stuck).
  2679 | D:4      | 2679 ||| Stepping randomly (stuck).
  2680 | D:4      | 2680 ||| Stepping randomly (stuck).
  2681 | D:4      | 2681 ||| Stepping randomly (stuck).
  2682 | D:4      | 2682 ||| Stepping randomly (stuck).
  2683 | D:4      | 2683 ||| Stepping randomly (stuck).
  2684 | D:4      | 2684 ||| Stepping randomly (stuck).
  2685 | D:4      | 2685 ||| Stepping randomly (stuck).
  2686 | D:4      | 2686 ||| Stepping randomly (stuck).
  2687 | D:4      | 2687 ||| Stepping randomly (stuck).
  2688 | D:4      | 2688 ||| Stepping randomly (stuck).
  2689 | D:4      | 2689 ||| Stepping randomly (stuck).
  2690 | D:4      | 2690 ||| Stepping randomly (stuck).
  2691 | D:4      | 2691 ||| Stepping randomly (stuck).
  2692 | D:4      | 2692 ||| Stepping randomly (stuck).
  2693 | D:4      | 2693 ||| Stepping randomly (stuck).
  2694 | D:4      | 2694 ||| Stepping randomly (stuck).
  2695 | D:4      | 2695 ||| Stepping randomly (stuck).
  2696 | D:4      | 2696 ||| Stepping randomly (stuck).
  2697 | D:4      | 2697 ||| Stepping randomly (stuck).
  2698 | D:4      | 2698 ||| Stepping randomly (stuck).
  2699 | D:4      | 2699 ||| Stepping randomly (stuck).
  2700 | D:4      | 2700 ||| Stepping randomly (stuck).
  2701 | D:4      | 2701 ||| Stepping randomly (stuck).
  2702 | D:4      | 2702 ||| Stepping randomly (stuck).
  2703 | D:4      | 2703 ||| Stepping randomly (stuck).
  2704 | D:4      | 2704 ||| Stepping randomly (stuck).
  2705 | D:4      | 2705 ||| Stepping randomly (stuck).
  2706 | D:4      | 2706 ||| Stepping randomly (stuck).
  2707 | D:4      | 2707 ||| Stepping randomly (stuck).
  2708 | D:4      | 2708 ||| Stepping randomly (stuck).
  2709 | D:4      | 2709 ||| Stepping randomly (stuck).
  2710 | D:4      | 2710 ||| Stepping randomly (stuck).
  2711 | D:4      | 2711 ||| Stepping randomly (stuck).
  2712 | D:4      | 2712 ||| Stepping randomly (stuck).
  2713 | D:4      | 2713 ||| Stepping randomly (stuck).
  2714 | D:4      | 2714 ||| Stepping randomly (stuck).
  2715 | D:4      | 2715 ||| Stepping randomly (stuck).
  2716 | D:4      | 2716 ||| Stepping randomly (stuck).
  2717 | D:4      | 2717 ||| Stepping randomly (stuck).
  2718 | D:4      | 2718 ||| Stepping randomly (stuck).
  2719 | D:4      | 2719 ||| Stepping randomly (stuck).
  2720 | D:4      | 2720 ||| Stepping randomly (stuck).
  2721 | D:4      | 2721 ||| Stepping randomly (stuck).
  2722 | D:4      | 2722 ||| Stepping randomly (stuck).
  2723 | D:4      | 2723 ||| Stepping randomly (stuck).
  2724 | D:4      | 2724 ||| Stepping randomly (stuck).
  2725 | D:4      | 2725 ||| Stepping randomly (stuck).
  2726 | D:4      | 2726 ||| Stepping randomly (stuck).
  2727 | D:4      | 2727 ||| Stepping randomly (stuck).
  2728 | D:4      | 2728 ||| Stepping randomly (stuck).
  2729 | D:4      | 2729 ||| Stepping randomly (stuck).
  2730 | D:4      | 2730 ||| Stepping randomly (stuck).
  2731 | D:4      | 2731 ||| Stepping randomly (stuck).
  2732 | D:4      | 2732 ||| Stepping randomly (stuck).
  2733 | D:4      | 2733 ||| Stepping randomly (stuck).
  2734 | D:4      | 2734 ||| Stepping randomly (stuck).
  2735 | D:4      | 2735 ||| Stepping randomly (stuck).
  2736 | D:4      | 2736 ||| Stepping randomly (stuck).
  2737 | D:4      | 2737 ||| Stepping randomly (stuck).
  2738 | D:4      | 2738 ||| Stepping randomly (stuck).
  2739 | D:4      | 2739 ||| Stepping randomly (stuck).
  2740 | D:4      | 2740 ||| Stepping randomly (stuck).
  2741 | D:4      | 2741 ||| Stepping randomly (stuck).
  2742 | D:4      | 2742 ||| Stepping randomly (stuck).
  2743 | D:4      | 2743 ||| Stepping randomly (stuck).
  2744 | D:4      | 2744 ||| Stepping randomly (stuck).
  2745 | D:4      | 2745 ||| Stepping randomly (stuck).
  2746 | D:4      | 2746 ||| Stepping randomly (stuck).
  2747 | D:4      | 2747 ||| Stepping randomly (stuck).
  2748 | D:4      | 2748 ||| Stepping randomly (stuck).
  2749 | D:4      | 2749 ||| Stepping randomly (stuck).
  2750 | D:4      | 2750 ||| Stepping randomly (stuck).
  2751 | D:4      | 2751 ||| Stepping randomly (stuck).
  2752 | D:4      | 2752 ||| Stepping randomly (stuck).
  2753 | D:4      | 2753 ||| Stepping randomly (stuck).
  2754 | D:4      | 2754 ||| Stepping randomly (stuck).
  2755 | D:4      | 2755 ||| Stepping randomly (stuck).
  2756 | D:4      | 2756 ||| Stepping randomly (stuck).
  2757 | D:4      | 2757 ||| Stepping randomly (stuck).
  2758 | D:4      | 2758 ||| Stepping randomly (stuck).
  2759 | D:4      | 2759 ||| Stepping randomly (stuck).
  2760 | D:4      | 2760 ||| Stepping randomly (stuck).
  2761 | D:4      | 2761 ||| Stepping randomly (stuck).
  2762 | D:4      | 2762 ||| Stepping randomly (stuck).
  2763 | D:4      | 2763 ||| Stepping randomly (stuck).
  2764 | D:4      | 2764 ||| Stepping randomly (stuck).
  2765 | D:4      | 2765 ||| Stepping randomly (stuck).
  2766 | D:4      | 2766 ||| Stepping randomly (stuck).
  2767 | D:4      | 2767 ||| Stepping randomly (stuck).
  2768 | D:4      | 2768 ||| Stepping randomly (stuck).
  2769 | D:4      | 2769 ||| Stepping randomly (stuck).
  2770 | D:4      | 2770 ||| Stepping randomly (stuck).
  2771 | D:4      | 2771 ||| Stepping randomly (stuck).
  2772 | D:4      | 2772 ||| Stepping randomly (stuck).
  2773 | D:4      | 2773 ||| Stepping randomly (stuck).
  2774 | D:4      | 2774 ||| Stepping randomly (stuck).
  2775 | D:4      | 2775 ||| Stepping randomly (stuck).
  2776 | D:4      | 2776 ||| Stepping randomly (stuck).
  2777 | D:4      | 2777 ||| Stepping randomly (stuck).
  2778 | D:4      | 2778 ||| Stepping randomly (stuck).
  2779 | D:4      | 2779 ||| Stepping randomly (stuck).
  2780 | D:4      | 2780 ||| Stepping randomly (stuck).
  2781 | D:4      | 2781 ||| Stepping randomly (stuck).
  2782 | D:4      | 2782 ||| Stepping randomly (stuck).
  2783 | D:4      | 2783 ||| Stepping randomly (stuck).
  2784 | D:4      | 2784 ||| Stepping randomly (stuck).
  2785 | D:4      | 2785 ||| Stepping randomly (stuck).
  2786 | D:4      | 2786 ||| Stepping randomly (stuck).
  2787 | D:4      | 2787 ||| Stepping randomly (stuck).
  2788 | D:4      | 2788 ||| Stepping randomly (stuck).
  2789 | D:4      | 2789 ||| Stepping randomly (stuck).
  2790 | D:4      | 2790 ||| Stepping randomly (stuck).
  2791 | D:4      | 2791 ||| Stepping randomly (stuck).
  2792 | D:4      | 2792 ||| Stepping randomly (stuck).
  2793 | D:4      | 2793 ||| Stepping randomly (stuck).
  2794 | D:4      | 2794 ||| Stepping randomly (stuck).
  2795 | D:4      | 2795 ||| Stepping randomly (stuck).
  2796 | D:4      | 2796 ||| Stepping randomly (stuck).
  2797 | D:4      | 2797 ||| Stepping randomly (stuck).
  2798 | D:4      | 2798 ||| Stepping randomly (stuck).
  2799 | D:4      | 2799 ||| Stepping randomly (stuck).
  2800 | D:4      | 2800 ||| Stepping randomly (stuck).
  2801 | D:4      | 2801 ||| Stepping randomly (stuck).
  2802 | D:4      | 2802 ||| Stepping randomly (stuck).
  2803 | D:4      | 2803 ||| Stepping randomly (stuck).
  2804 | D:4      | 2804 ||| Stepping randomly (stuck).
  2805 | D:4      | 2805 ||| Stepping randomly (stuck).
  2806 | D:4      | 2806 ||| Stepping randomly (stuck).
  2807 | D:4      | 2807 ||| Stepping randomly (stuck).
  2808 | D:4      | 2808 ||| Stepping randomly (stuck).
  2809 | D:4      | 2809 ||| Stepping randomly (stuck).
  2810 | D:4      | 2810 ||| Stepping randomly (stuck).
  2811 | D:4      | 2811 ||| Stepping randomly (stuck).
  2812 | D:4      | 2812 ||| Stepping randomly (stuck).
  2813 | D:4      | 2813 ||| Stepping randomly (stuck).
  2814 | D:4      | 2814 ||| Stepping randomly (stuck).
  2815 | D:4      | 2815 ||| Stepping randomly (stuck).
  2816 | D:4      | 2816 ||| Stepping randomly (stuck).
  2817 | D:4      | 2817 ||| Stepping randomly (stuck).
  2818 | D:4      | 2818 ||| Stepping randomly (stuck).
  2819 | D:4      | 2819 ||| Stepping randomly (stuck).
  2820 | D:4      | 2820 ||| Stepping randomly (stuck).
  2821 | D:4      | 2821 ||| Stepping randomly (stuck).
  2822 | D:4      | 2822 ||| Stepping randomly (stuck).
  2823 | D:4      | 2823 ||| Stepping randomly (stuck).
  2824 | D:4      | 2824 ||| Stepping randomly (stuck).
  2825 | D:4      | 2825 ||| Stepping randomly (stuck).
  2826 | D:4      | 2826 ||| Stepping randomly (stuck).
  2827 | D:4      | 2827 ||| Stepping randomly (stuck).
  2828 | D:4      | 2828 ||| Stepping randomly (stuck).
  2829 | D:4      | 2829 ||| Stepping randomly (stuck).
  2830 | D:4      | 2830 ||| Stepping randomly (stuck).
  2831 | D:4      | 2831 ||| Stepping randomly (stuck).
  2832 | D:4      | 2832 ||| Stepping randomly (stuck).
  2833 | D:4      | 2833 ||| Stepping randomly (stuck).
  2834 | D:4      | 2834 ||| Stepping randomly (stuck).
  2835 | D:4      | 2835 ||| Stepping randomly (stuck).
  2836 | D:4      | 2836 ||| Stepping randomly (stuck).
  2837 | D:4      | 2837 ||| Stepping randomly (stuck).
  2838 | D:4      | 2838 ||| Stepping randomly (stuck).
  2839 | D:4      | 2839 ||| Stepping randomly (stuck).
  2840 | D:4      | 2840 ||| Stepping randomly (stuck).
  2841 | D:4      | 2841 ||| Stepping randomly (stuck).
  2842 | D:4      | 2842 ||| Stepping randomly (stuck).
  2843 | D:4      | 2843 ||| Stepping randomly (stuck).
  2844 | D:4      | 2844 ||| Stepping randomly (stuck).
  2845 | D:4      | 2845 ||| Stepping randomly (stuck).
  2846 | D:4      | 2846 ||| Stepping randomly (stuck).
  2847 | D:4      | 2847 ||| Stepping randomly (stuck).
  2848 | D:4      | 2848 ||| Stepping randomly (stuck).
  2849 | D:4      | 2849 ||| Stepping randomly (stuck).
  2850 | D:4      | 2850 ||| Stepping randomly (stuck).
  2851 | D:4      | 2851 ||| Stepping randomly (stuck).
  2852 | D:4      | 2852 ||| Stepping randomly (stuck).
  2853 | D:4      | 2853 ||| Stepping randomly (stuck).
  2854 | D:4      | 2854 ||| Stepping randomly (stuck).
  2855 | D:4      | 2855 ||| Stepping randomly (stuck).
  2856 | D:4      | 2856 ||| Stepping randomly (stuck).
  2857 | D:4      | 2857 ||| Stepping randomly (stuck).
  2858 | D:4      | 2858 ||| Stepping randomly (stuck).
  2859 | D:4      | 2859 ||| Stepping randomly (stuck).
  2860 | D:4      | 2860 ||| Stepping randomly (stuck).
  2861 | D:4      | 2861 ||| Stepping randomly (stuck).
  2862 | D:4      | 2862 ||| Stepping randomly (stuck).
  2863 | D:4      | 2863 ||| Stepping randomly (stuck).
  2864 | D:4      | 2864 ||| Stepping randomly (stuck).
  2865 | D:4      | 2865 ||| Stepping randomly (stuck).
  2866 | D:4      | 2866 ||| Stepping randomly (stuck).
  2867 | D:4      | 2867 ||| Stepping randomly (stuck).
  2868 | D:4      | 2868 ||| Stepping randomly (stuck).
  2869 | D:4      | 2869 ||| Stepping randomly (stuck).
  2870 | D:4      | 2870 ||| Stepping randomly (stuck).
  2871 | D:4      | 2871 ||| Stepping randomly (stuck).
  2872 | D:4      | 2872 ||| Stepping randomly (stuck).
  2873 | D:4      | 2873 ||| Stepping randomly (stuck).
  2874 | D:4      | 2874 ||| Stepping randomly (stuck).
  2875 | D:4      | 2875 ||| Stepping randomly (stuck).
  2876 | D:4      | 2876 ||| Stepping randomly (stuck).
  2877 | D:4      | 2877 ||| Stepping randomly (stuck).
  2878 | D:4      | 2878 ||| Stepping randomly (stuck).
  2879 | D:4      | 2879 ||| Stepping randomly (stuck).
  2880 | D:4      | 2880 ||| Stepping randomly (stuck).
  2881 | D:4      | 2881 ||| Stepping randomly (stuck).
  2882 | D:4      | 2882 ||| Stepping randomly (stuck).
  2883 | D:4      | 2883 ||| Stepping randomly (stuck).
  2884 | D:4      | 2884 ||| Stepping randomly (stuck).
  2885 | D:4      | 2885 ||| Stepping randomly (stuck).
  2886 | D:4      | 2886 ||| Stepping randomly (stuck).
  2887 | D:4      | 2887 ||| Stepping randomly (stuck).
  2888 | D:4      | 2888 ||| Stepping randomly (stuck).
  2889 | D:4      | 2889 ||| Stepping randomly (stuck).
  2890 | D:4      | 2890 ||| Stepping randomly (stuck).
  2891 | D:4      | 2891 ||| Stepping randomly (stuck).
  2892 | D:4      | 2892 ||| Stepping randomly (stuck).
  2893 | D:4      | 2893 ||| Stepping randomly (stuck).
  2894 | D:4      | 2894 ||| Stepping randomly (stuck).
  2895 | D:4      | 2895 ||| Stepping randomly (stuck).
  2896 | D:4      | 2896 ||| Stepping randomly (stuck).
  2897 | D:4      | 2897 ||| Stepping randomly (stuck).
  2898 | D:4      | 2898 ||| Stepping randomly (stuck).
  2899 | D:4      | 2899 ||| Stepping randomly (stuck).
  2900 | D:4      | 2900 ||| Stepping randomly (stuck).
  2901 | D:4      | 2901 ||| Stepping randomly (stuck).
  2902 | D:4      | 2902 ||| Stepping randomly (stuck).
  2903 | D:4      | 2903 ||| Stepping randomly (stuck).
  2904 | D:4      | 2904 ||| Stepping randomly (stuck).
  2905 | D:4      | 2905 ||| Stepping randomly (stuck).
  2906 | D:4      | 2906 ||| Stepping randomly (stuck).
  2907 | D:4      | 2907 ||| Stepping randomly (stuck).
  2908 | D:4      | 2908 ||| Stepping randomly (stuck).
  2909 | D:4      | 2909 ||| Stepping randomly (stuck).
  2910 | D:4      | 2910 ||| Stepping randomly (stuck).
  2911 | D:4      | 2911 ||| Stepping randomly (stuck).
  2912 | D:4      | 2912 ||| Stepping randomly (stuck).
  2913 | D:4      | 2913 ||| Stepping randomly (stuck).
  2914 | D:4      | 2914 ||| Stepping randomly (stuck).
  2915 | D:4      | 2915 ||| Stepping randomly (stuck).
  2916 | D:4      | 2916 ||| Stepping randomly (stuck).
  2917 | D:4      | 2917 ||| Stepping randomly (stuck).
  2918 | D:4      | 2918 ||| Stepping randomly (stuck).
  2919 | D:4      | 2919 ||| Stepping randomly (stuck).
  2920 | D:4      | 2920 ||| Stepping randomly (stuck).
  2921 | D:4      | 2921 ||| Stepping randomly (stuck).
  2922 | D:4      | 2922 ||| Stepping randomly (stuck).
  2923 | D:4      | 2923 ||| Stepping randomly (stuck).
  2924 | D:4      | 2924 ||| Stepping randomly (stuck).
  2925 | D:4      | 2925 ||| Stepping randomly (stuck).
  2926 | D:4      | 2926 ||| Stepping randomly (stuck).
  2927 | D:4      | 2927 ||| Stepping randomly (stuck).
  2928 | D:4      | 2928 ||| Stepping randomly (stuck).
  2929 | D:4      | 2929 ||| Stepping randomly (stuck).
  2930 | D:4      | 2930 ||| Stepping randomly (stuck).
  2931 | D:4      | 2931 ||| Stepping randomly (stuck).
  2932 | D:4      | 2932 ||| Stepping randomly (stuck).
  2933 | D:4      | 2933 ||| Stepping randomly (stuck).
  2934 | D:4      | 2934 ||| Stepping randomly (stuck).
  2935 | D:4      | 2935 ||| Stepping randomly (stuck).
  2936 | D:4      | 2936 ||| Stepping randomly (stuck).
  2937 | D:4      | 2937 ||| Stepping randomly (stuck).
  2938 | D:4      | 2938 ||| Stepping randomly (stuck).
  2939 | D:4      | 2939 ||| Stepping randomly (stuck).
  2940 | D:4      | 2940 ||| Stepping randomly (stuck).
  2941 | D:4      | 2941 ||| Stepping randomly (stuck).
  2942 | D:4      | 2942 ||| Stepping randomly (stuck).
  2943 | D:4      | 2943 ||| Stepping randomly (stuck).
  2944 | D:4      | 2944 ||| Stepping randomly (stuck).
  2945 | D:4      | 2945 ||| Stepping randomly (stuck).
  2946 | D:4      | 2946 ||| Stepping randomly (stuck).
  2947 | D:4      | 2947 ||| Stepping randomly (stuck).
  2948 | D:4      | 2948 ||| Stepping randomly (stuck).
  2949 | D:4      | 2949 ||| Stepping randomly (stuck).
  2950 | D:4      | 2950 ||| Stepping randomly (stuck).
  2951 | D:4      | 2951 ||| Stepping randomly (stuck).
  2952 | D:4      | 2952 ||| Stepping randomly (stuck).
  2953 | D:4      | 2953 ||| Stepping randomly (stuck).
  2954 | D:4      | 2954 ||| Stepping randomly (stuck).
  2955 | D:4      | 2955 ||| Stepping randomly (stuck).
  2956 | D:4      | 2956 ||| Stepping randomly (stuck).
  2957 | D:4      | 2957 ||| Stepping randomly (stuck).
  2958 | D:4      | 2958 ||| Stepping randomly (stuck).
  2959 | D:4      | 2959 ||| Stepping randomly (stuck).
  2960 | D:4      | 2960 ||| Stepping randomly (stuck).
  2961 | D:4      | 2961 ||| Stepping randomly (stuck).
  2962 | D:4      | 2962 ||| Stepping randomly (stuck).
  2963 | D:4      | 2963 ||| Stepping randomly (stuck).
  2964 | D:4      | 2964 ||| Stepping randomly (stuck).
  2965 | D:4      | 2965 ||| Stepping randomly (stuck).
  2966 | D:4      | 2966 ||| Stepping randomly (stuck).
  2967 | D:4      | 2967 ||| Stepping randomly (stuck).
  2968 | D:4      | 2968 ||| Stepping randomly (stuck).
  2969 | D:4      | 2969 ||| Stepping randomly (stuck).
  2970 | D:4      | 2970 ||| Stepping randomly (stuck).
  2971 | D:4      | 2971 ||| Stepping randomly (stuck).
  2972 | D:4      | 2972 ||| Stepping randomly (stuck).
  2973 | D:4      | 2973 ||| Stepping randomly (stuck).
  2974 | D:4      | 2974 ||| Stepping randomly (stuck).
  2975 | D:4      | 2975 ||| Stepping randomly (stuck).
  2976 | D:4      | 2976 ||| Stepping randomly (stuck).
  2977 | D:4      | 2977 ||| Stepping randomly (stuck).
  2978 | D:4      | 2978 ||| Stepping randomly (stuck).
  2979 | D:4      | 2979 ||| Stepping randomly (stuck).
  2980 | D:4      | 2980 ||| Stepping randomly (stuck).
  2981 | D:4      | 2981 ||| Stepping randomly (stuck).
  2982 | D:4      | 2982 ||| Stepping randomly (stuck).
  2983 | D:4      | 2983 ||| Stepping randomly (stuck).
  2984 | D:4      | 2984 ||| Stepping randomly (stuck).
  2985 | D:4      | 2985 ||| Stepping randomly (stuck).
  2986 | D:4      | 2986 ||| Stepping randomly (stuck).
  2987 | D:4      | 2987 ||| Stepping randomly (stuck).
  2988 | D:4      | 2988 ||| Stepping randomly (stuck).
  2989 | D:4      | 2989 ||| Stepping randomly (stuck).
  2990 | D:4      | 2990 ||| Stepping randomly (stuck).
  2991 | D:4      | 2991 ||| Stepping randomly (stuck).
  2992 | D:4      | 2992 ||| Stepping randomly (stuck).
  2993 | D:4      | 2993 ||| Stepping randomly (stuck).
  2994 | D:4      | 2994 ||| Stepping randomly (stuck).
  2995 | D:4      | 2995 ||| Stepping randomly (stuck).
  2996 | D:4      | 2996 ||| Stepping randomly (stuck).
  2997 | D:4      | 2997 ||| Stepping randomly (stuck).
  2998 | D:4      | 2998 ||| Stepping randomly (stuck).
  2999 | D:4      | 2999 ||| Stepping randomly (stuck).
  3000 | D:4      | 3000 ||| Stepping randomly (stuck).
  3001 | D:4      | 3001 ||| Stepping randomly (stuck).
  3002 | D:4      | 3002 ||| Stepping randomly (stuck).
  3003 | D:4      | 3003 ||| Stepping randomly (stuck).
  3004 | D:4      | 3004 ||| Stepping randomly (stuck).
  3005 | D:4      | 3005 ||| Stepping randomly (stuck).
  3006 | D:4      | 3006 ||| Stepping randomly (stuck).
  3007 | D:4      | 3007 ||| Stepping randomly (stuck).
  3008 | D:4      | 3008 ||| Stepping randomly (stuck).
  3009 | D:4      | 3009 ||| Stepping randomly (stuck).
  3010 | D:4      | 3010 ||| Stepping randomly (stuck).
  3011 | D:4      | 3011 ||| Stepping randomly (stuck).
  3012 | D:4      | 3012 ||| Stepping randomly (stuck).
  3013 | D:4      | 3013 ||| Stepping randomly (stuck).
  3014 | D:4      | 3014 ||| Stepping randomly (stuck).
  3015 | D:4      | 3015 ||| Stepping randomly (stuck).
  3016 | D:4      | 3016 ||| Stepping randomly (stuck).
  3017 | D:4      | 3017 ||| Stepping randomly (stuck).
  3018 | D:4      | 3018 ||| Stepping randomly (stuck).
  3019 | D:4      | 3019 ||| Stepping randomly (stuck).
  3020 | D:4      | 3020 ||| Stepping randomly (stuck).
  3021 | D:4      | 3021 ||| Stepping randomly (stuck).
  3022 | D:4      | 3022 ||| Stepping randomly (stuck).
  3023 | D:4      | 3023 ||| Stepping randomly (stuck).
  3024 | D:4      | 3024 ||| Stepping randomly (stuck).
  3025 | D:4      | 3025 ||| Stepping randomly (stuck).
  3026 | D:4      | 3026 ||| Stepping randomly (stuck).
  3027 | D:4      | 3027 ||| Stepping randomly (stuck).
  3028 | D:4      | 3028 ||| Stepping randomly (stuck).
  3029 | D:4      | 3029 ||| Stepping randomly (stuck).
  3030 | D:4      | 3030 ||| Stepping randomly (stuck).
  3031 | D:4      | 3031 ||| Stepping randomly (stuck).
  3032 | D:4      | 3032 ||| Stepping randomly (stuck).
  3033 | D:4      | 3033 ||| Stepping randomly (stuck).
  3034 | D:4      | 3034 ||| Stepping randomly (stuck).
  3035 | D:4      | 3035 ||| Stepping randomly (stuck).
  3036 | D:4      | 3036 ||| Stepping randomly (stuck).
  3037 | D:4      | 3037 ||| Stepping randomly (stuck).
  3038 | D:4      | 3038 ||| Stepping randomly (stuck).
  3039 | D:4      | 3039 ||| Stepping randomly (stuck).
  3040 | D:4      | 3040 ||| Stepping randomly (stuck).
  3041 | D:4      | 3041 ||| Stepping randomly (stuck).
  3042 | D:4      | 3042 ||| Stepping randomly (stuck).
  3043 | D:4      | 3043 ||| Stepping randomly (stuck).
  3044 | D:4      | 3044 ||| Stepping randomly (stuck).
  3045 | D:4      | 3045 ||| Stepping randomly (stuck).
  3046 | D:4      | 3046 ||| Stepping randomly (stuck).
  3047 | D:4      | 3047 ||| Stepping randomly (stuck).
  3048 | D:4      | 3048 ||| Stepping randomly (stuck).
  3049 | D:4      | 3049 ||| Stepping randomly (stuck).
  3050 | D:4      | 3050 ||| Stepping randomly (stuck).
  3051 | D:4      | 3051 ||| Stepping randomly (stuck).
  3052 | D:4      | 3052 ||| Stepping randomly (stuck).
  3053 | D:4      | 3053 ||| Stepping randomly (stuck).
  3054 | D:4      | 3054 ||| Stepping randomly (stuck).
  3055 | D:4      | 3055 ||| Stepping randomly (stuck).
  3056 | D:4      | 3056 ||| Stepping randomly (stuck).
  3057 | D:4      | 3057 ||| Stepping randomly (stuck).
  3058 | D:4      | 3058 ||| Stepping randomly (stuck).
  3059 | D:4      | 3059 ||| Stepping randomly (stuck).
  3060 | D:4      | 3060 ||| Stepping randomly (stuck).
  3061 | D:4      | 3061 ||| Stepping randomly (stuck).
  3062 | D:4      | 3062 ||| Stepping randomly (stuck).
  3063 | D:4      | 3063 ||| Stepping randomly (stuck).
  3064 | D:4      | 3064 ||| Stepping randomly (stuck).
  3065 | D:4      | 3065 ||| Stepping randomly (stuck).
  3066 | D:4      | 3066 ||| Stepping randomly (stuck).
  3067 | D:4      | 3067 ||| Stepping randomly (stuck).
  3068 | D:4      | 3068 ||| Stepping randomly (stuck).
  3069 | D:4      | 3069 ||| Stepping randomly (stuck).
  3070 | D:4      | 3070 ||| Stepping randomly (stuck).
  3071 | D:4      | 3071 ||| Stepping randomly (stuck).
  3072 | D:4      | 3072 ||| Stepping randomly (stuck).
  3073 | D:4      | 3073 ||| Stepping randomly (stuck).
  3074 | D:4      | 3074 ||| Stepping randomly (stuck).
  3075 | D:4      | 3075 ||| Stepping randomly (stuck).
  3076 | D:4      | 3076 ||| Stepping randomly (stuck).
  3077 | D:4      | 3077 ||| Stepping randomly (stuck).
  3078 | D:4      | 3078 ||| Stepping randomly (stuck).
  3079 | D:4      | 3079 ||| Stepping randomly (stuck).
  3080 | D:4      | 3080 ||| Stepping randomly (stuck).
  3081 | D:4      | 3081 ||| Stepping randomly (stuck).
  3082 | D:4      | 3082 ||| Stepping randomly (stuck).
  3083 | D:4      | 3083 ||| Stepping randomly (stuck).
  3084 | D:4      | 3084 ||| Stepping randomly (stuck).
  3085 | D:4      | 3085 ||| Stepping randomly (stuck).
  3086 | D:4      | 3086 ||| Stepping randomly (stuck).
  3087 | D:4      | 3087 ||| Stepping randomly (stuck).
  3088 | D:4      | 3088 ||| Stepping randomly (stuck).
  3089 | D:4      | 3089 ||| Stepping randomly (stuck).
  3090 | D:4      | 3090 ||| Stepping randomly (stuck).
  3091 | D:4      | 3091 ||| Stepping randomly (stuck).
  3092 | D:4      | 3092 ||| Stepping randomly (stuck).
  3093 | D:4      | 3093 ||| Stepping randomly (stuck).
  3094 | D:4      | 3094 ||| Stepping randomly (stuck).
  3095 | D:4      | 3095 ||| Stepping randomly (stuck).
  3096 | D:4      | 3096 ||| Stepping randomly (stuck).
  3097 | D:4      | 3097 ||| Stepping randomly (stuck).
  3098 | D:4      | 3098 ||| Stepping randomly (stuck).
  3099 | D:4      | 3099 ||| Stepping randomly (stuck).
  3100 | D:4      | 3100 ||| Stepping randomly (stuck).
  3101 | D:4      | 3101 ||| Stepping randomly (stuck).
  3102 | D:4      | 3102 ||| Stepping randomly (stuck).
  3103 | D:4      | 3103 ||| Stepping randomly (stuck).
  3104 | D:4      | 3104 ||| Stepping randomly (stuck).
  3105 | D:4      | 3105 ||| Stepping randomly (stuck).
  3106 | D:4      | 3106 ||| Stepping randomly (stuck).
  3107 | D:4      | 3107 ||| Stepping randomly (stuck).
  3108 | D:4      | 3108 ||| Stepping randomly (stuck).
  3109 | D:4      | 3109 ||| Stepping randomly (stuck).
  3110 | D:4      | 3110 ||| Stepping randomly (stuck).
  3111 | D:4      | 3111 ||| Stepping randomly (stuck).
  3112 | D:4      | 3112 ||| Stepping randomly (stuck).
  3113 | D:4      | 3113 ||| Stepping randomly (stuck).
  3114 | D:4      | 3114 ||| Stepping randomly (stuck).
  3115 | D:4      | 3115 ||| Stepping randomly (stuck).
  3116 | D:4      | 3116 ||| Stepping randomly (stuck).
  3117 | D:4      | 3117 ||| Stepping randomly (stuck).
  3118 | D:4      | 3118 ||| Stepping randomly (stuck).
  3119 | D:4      | 3119 ||| Stepping randomly (stuck).
  3120 | D:4      | 3120 ||| Stepping randomly (stuck).
  3121 | D:4      | 3121 ||| Stepping randomly (stuck).
  3122 | D:4      | 3122 ||| Stepping randomly (stuck).
  3123 | D:4      | 3123 ||| Stepping randomly (stuck).
  3124 | D:4      | 3124 ||| Stepping randomly (stuck).
  3125 | D:4      | 3125 ||| Stepping randomly (stuck).
  3126 | D:4      | 3126 ||| Stepping randomly (stuck).
  3127 | D:4      | 3127 ||| Stepping randomly (stuck).
  3128 | D:4      | 3128 ||| Stepping randomly (stuck).
  3129 | D:4      | 3129 ||| Stepping randomly (stuck).
  3130 | D:4      | 3130 ||| Stepping randomly (stuck).
  3131 | D:4      | 3131 ||| Stepping randomly (stuck).
  3132 | D:4      | 3132 ||| Stepping randomly (stuck).
  3133 | D:4      | 3133 ||| Stepping randomly (stuck).
  3134 | D:4      | 3134 ||| Stepping randomly (stuck).
  3135 | D:4      | 3135 ||| Stepping randomly (stuck).
  3136 | D:4      | 3136 ||| Stepping randomly (stuck).
  3137 | D:4      | 3137 ||| Stepping randomly (stuck).
  3138 | D:4      | 3138 ||| Stepping randomly (stuck).
  3139 | D:4      | 3139 ||| Stepping randomly (stuck).
  3140 | D:4      | 3140 ||| Stepping randomly (stuck).
  3141 | D:4      | 3141 ||| Stepping randomly (stuck).
  3142 | D:4      | 3142 ||| Stepping randomly (stuck).
  3143 | D:4      | 3143 ||| Stepping randomly (stuck).
  3144 | D:4      | 3144 ||| Stepping randomly (stuck).
  3145 | D:4      | 3145 ||| Stepping randomly (stuck).
  3146 | D:4      | 3146 ||| Stepping randomly (stuck).
  3147 | D:4      | 3147 ||| Stepping randomly (stuck).
  3148 | D:4      | 3148 ||| Stepping randomly (stuck).
  3149 | D:4      | 3149 ||| Stepping randomly (stuck).
  3150 | D:4      | 3150 ||| Stepping randomly (stuck).
  3151 | D:4      | 3151 ||| Stepping randomly (stuck).
  3152 | D:4      | 3152 ||| Stepping randomly (stuck).
  3153 | D:4      | 3153 ||| Stepping randomly (stuck).
  3154 | D:4      | 3154 ||| Stepping randomly (stuck).
  3155 | D:4      | 3155 ||| Stepping randomly (stuck).
  3156 | D:4      | 3156 ||| Stepping randomly (stuck).
  3157 | D:4      | 3157 ||| Stepping randomly (stuck).
  3158 | D:4      | 3158 ||| Stepping randomly (stuck).
  3159 | D:4      | 3159 ||| Stepping randomly (stuck).
  3160 | D:4      | 3160 ||| Stepping randomly (stuck).
  3161 | D:4      | 3161 ||| Stepping randomly (stuck).
  3162 | D:4      | 3162 ||| Stepping randomly (stuck).
  3163 | D:4      | 3163 ||| Stepping randomly (stuck).
  3164 | D:4      | 3164 ||| Stepping randomly (stuck).
  3165 | D:4      | 3165 ||| Stepping randomly (stuck).
  3166 | D:4      | 3166 ||| Stepping randomly (stuck).
  3167 | D:4      | 3167 ||| Stepping randomly (stuck).
  3168 | D:4      | 3168 ||| Stepping randomly (stuck).
  3169 | D:4      | 3169 ||| Stepping randomly (stuck).
  3170 | D:4      | 3170 ||| Stepping randomly (stuck).
  3171 | D:4      | 3171 ||| Stepping randomly (stuck).
  3172 | D:4      | 3172 ||| Stepping randomly (stuck).
  3173 | D:4      | 3173 ||| Stepping randomly (stuck).
  3174 | D:4      | 3174 ||| Stepping randomly (stuck).
  3175 | D:4      | 3175 ||| Stepping randomly (stuck).
  3176 | D:4      | 3176 ||| Stepping randomly (stuck).
  3177 | D:4      | 3177 ||| Stepping randomly (stuck).
  3178 | D:4      | 3178 ||| Stepping randomly (stuck).
  3179 | D:4      | 3179 ||| Stepping randomly (stuck).
  3180 | D:4      | 3180 ||| Stepping randomly (stuck).
  3181 | D:4      | 3181 ||| Stepping randomly (stuck).
  3182 | D:4      | 3182 ||| Stepping randomly (stuck).
  3183 | D:4      | 3183 ||| Stepping randomly (stuck).
  3184 | D:4      | 3184 ||| Stepping randomly (stuck).
  3185 | D:4      | 3185 ||| Stepping randomly (stuck).
  3186 | D:4      | 3186 ||| Stepping randomly (stuck).
  3187 | D:4      | 3187 ||| Stepping randomly (stuck).
  3188 | D:4      | 3188 ||| Stepping randomly (stuck).
  3189 | D:4      | 3189 ||| Stepping randomly (stuck).
  3190 | D:4      | 3190 ||| Stepping randomly (stuck).
  3191 | D:4      | 3191 ||| Stepping randomly (stuck).
  3192 | D:4      | 3192 ||| Stepping randomly (stuck).
  3193 | D:4      | 3193 ||| Stepping randomly (stuck).
  3194 | D:4      | 3194 ||| Stepping randomly (stuck).
  3195 | D:4      | 3195 ||| Stepping randomly (stuck).
  3196 | D:4      | 3196 ||| Stepping randomly (stuck).
  3197 | D:4      | 3197 ||| Stepping randomly (stuck).
  3198 | D:4      | 3198 ||| Stepping randomly (stuck).
  3199 | D:4      | 3199 ||| Stepping randomly (stuck).
  3200 | D:4      | 3200 ||| Stepping randomly (stuck).
  3201 | D:4      | 3201 ||| Stepping randomly (stuck).
  3202 | D:4      | 3202 ||| Stepping randomly (stuck).
  3203 | D:4      | 3203 ||| Stepping randomly (stuck).
  3204 | D:4      | 3204 ||| Stepping randomly (stuck).
  3205 | D:4      | 3205 ||| Stepping randomly (stuck).
  3206 | D:4      | 3206 ||| Stepping randomly (stuck).
  3207 | D:4      | 3207 ||| Stepping randomly (stuck).
  3208 | D:4      | 3208 ||| Stepping randomly (stuck).
  3209 | D:4      | 3209 ||| Stepping randomly (stuck).
  3210 | D:4      | 3210 ||| Stepping randomly (stuck).
  3211 | D:4      | 3211 ||| Stepping randomly (stuck).
  3212 | D:4      | 3212 ||| Stepping randomly (stuck).
  3213 | D:4      | 3213 ||| Stepping randomly (stuck).
  3214 | D:4      | 3214 ||| Stepping randomly (stuck).
  3215 | D:4      | 3215 ||| Stepping randomly (stuck).
  3216 | D:4      | 3216 ||| Stepping randomly (stuck).
  3217 | D:4      | 3217 ||| Stepping randomly (stuck).
  3218 | D:4      | 3218 ||| Stepping randomly (stuck).
  3219 | D:4      | 3219 ||| Stepping randomly (stuck).
  3220 | D:4      | 3220 ||| Stepping randomly (stuck).
  3221 | D:4      | 3221 ||| Stepping randomly (stuck).
  3222 | D:4      | 3222 ||| Stepping randomly (stuck).
  3223 | D:4      | 3223 ||| Stepping randomly (stuck).
  3224 | D:4      | 3224 ||| Stepping randomly (stuck).
  3225 | D:4      | 3225 ||| Stepping randomly (stuck).
  3226 | D:4      | 3226 ||| Stepping randomly (stuck).
  3227 | D:4      | 3227 ||| Stepping randomly (stuck).
  3228 | D:4      | 3228 ||| Stepping randomly (stuck).
  3229 | D:4      | 3229 ||| Stepping randomly (stuck).
  3230 | D:4      | 3230 ||| Stepping randomly (stuck).
  3231 | D:4      | 3231 ||| Stepping randomly (stuck).
  3232 | D:4      | 3232 ||| Stepping randomly (stuck).
  3233 | D:4      | 3233 ||| Stepping randomly (stuck).
  3234 | D:4      | 3234 ||| Stepping randomly (stuck).
  3235 | D:4      | 3235 ||| Stepping randomly (stuck).
  3236 | D:4      | 3236 ||| Stepping randomly (stuck).
  3237 | D:4      | 3237 ||| Stepping randomly (stuck).
  3238 | D:4      | 3238 ||| Stepping randomly (stuck).
  3239 | D:4      | 3239 ||| Stepping randomly (stuck).
  3240 | D:4      | 3240 ||| Stepping randomly (stuck).
  3241 | D:4      | 3241 ||| Stepping randomly (stuck).
  3242 | D:4      | 3242 ||| Stepping randomly (stuck).
  3243 | D:4      | 3243 ||| Stepping randomly (stuck).
  3244 | D:4      | 3244 ||| Stepping randomly (stuck).
  3245 | D:4      | 3245 ||| Stepping randomly (stuck).
  3246 | D:4      | 3246 ||| Stepping randomly (stuck).
  3247 | D:4      | 3247 ||| Stepping randomly (stuck).
  3248 | D:4      | 3248 ||| Stepping randomly (stuck).
  3249 | D:4      | 3249 ||| Stepping randomly (stuck).
  3250 | D:4      | 3250 ||| Stepping randomly (stuck).
  3251 | D:4      | 3251 ||| Stepping randomly (stuck).
  3252 | D:4      | 3252 ||| Stepping randomly (stuck).
  3253 | D:4      | 3253 ||| Stepping randomly (stuck).
  3254 | D:4      | 3254 ||| Stepping randomly (stuck).
  3255 | D:4      | 3255 ||| Stepping randomly (stuck).
  3256 | D:4      | 3256 ||| Stepping randomly (stuck).
  3257 | D:4      | 3257 ||| Stepping randomly (stuck).
  3258 | D:4      | 3258 ||| Stepping randomly (stuck).
  3259 | D:4      | 3259 ||| Stepping randomly (stuck).
  3260 | D:4      | 3260 ||| Stepping randomly (stuck).
  3261 | D:4      | 3261 ||| Stepping randomly (stuck).
  3262 | D:4      | 3262 ||| Stepping randomly (stuck).
  3263 | D:4      | 3263 ||| Stepping randomly (stuck).
  3264 | D:4      | 3264 ||| Stepping randomly (stuck).
  3265 | D:4      | 3265 ||| Stepping randomly (stuck).
  3266 | D:4      | 3266 ||| Stepping randomly (stuck).
  3267 | D:4      | 3267 ||| Stepping randomly (stuck).
  3268 | D:4      | 3268 ||| Stepping randomly (stuck).
  3269 | D:4      | 3269 ||| Stepping randomly (stuck).
  3270 | D:4      | 3270 ||| Stepping randomly (stuck).
  3271 | D:4      | 3271 ||| Stepping randomly (stuck).
  3272 | D:4      | 3272 ||| Stepping randomly (stuck).
  3273 | D:4      | 3273 ||| Stepping randomly (stuck).
  3274 | D:4      | 3274 ||| Stepping randomly (stuck).
  3275 | D:4      | 3275 ||| Stepping randomly (stuck).
  3276 | D:4      | 3276 ||| Stepping randomly (stuck).
  3277 | D:4      | 3277 ||| Stepping randomly (stuck).
  3278 | D:4      | 3278 ||| Stepping randomly (stuck).
  3279 | D:4      | 3279 ||| Stepping randomly (stuck).
  3280 | D:4      | 3280 ||| Stepping randomly (stuck).
  3281 | D:4      | 3281 ||| Stepping randomly (stuck).
  3282 | D:4      | 3282 ||| Stepping randomly (stuck).
  3283 | D:4      | 3283 ||| Stepping randomly (stuck).
  3284 | D:4      | 3284 ||| Stepping randomly (stuck).
  3285 | D:4      | 3285 ||| Stepping randomly (stuck).
  3286 | D:4      | 3286 ||| Stepping randomly (stuck).
  3287 | D:4      | 3287 ||| Stepping randomly (stuck).
  3288 | D:4      | 3288 ||| Stepping randomly (stuck).
  3289 | D:4      | 3289 ||| Stepping randomly (stuck).
  3290 | D:4      | 3290 ||| Stepping randomly (stuck).
  3291 | D:4      | 3291 ||| Stepping randomly (stuck).
  3292 | D:4      | 3292 ||| Stepping randomly (stuck).
  3293 | D:4      | 3293 ||| Stepping randomly (stuck).
  3294 | D:4      | 3294 ||| Stepping randomly (stuck).
  3295 | D:4      | 3295 ||| Stepping randomly (stuck).
  3296 | D:4      | 3296 ||| Stepping randomly (stuck).
  3297 | D:4      | 3297 ||| Stepping randomly (stuck).
  3298 | D:4      | 3298 ||| Stepping randomly (stuck).
  3299 | D:4      | 3299 ||| Stepping randomly (stuck).
  3300 | D:4      | 3300 ||| Stepping randomly (stuck).
  3301 | D:4      | 3301 ||| Stepping randomly (stuck).
  3302 | D:4      | 3302 ||| Stepping randomly (stuck).
  3303 | D:4      | 3303 ||| Stepping randomly (stuck).
  3304 | D:4      | 3304 ||| Stepping randomly (stuck).
  3305 | D:4      | 3305 ||| Stepping randomly (stuck).
  3306 | D:4      | 3306 ||| Stepping randomly (stuck).
  3307 | D:4      | 3307 ||| Stepping randomly (stuck).
  3308 | D:4      | 3308 ||| Stepping randomly (stuck).
  3309 | D:4      | 3309 ||| Stepping randomly (stuck).
  3310 | D:4      | 3310 ||| Stepping randomly (stuck).
  3311 | D:4      | 3311 ||| Stepping randomly (stuck).
  3312 | D:4      | 3312 ||| Stepping randomly (stuck).
  3313 | D:4      | 3313 ||| Stepping randomly (stuck).
  3314 | D:4      | 3314 ||| Stepping randomly (stuck).
  3315 | D:4      | 3315 ||| Stepping randomly (stuck).
  3316 | D:4      | 3316 ||| Stepping randomly (stuck).
  3317 | D:4      | 3317 ||| Stepping randomly (stuck).
  3318 | D:4      | 3318 ||| Stepping randomly (stuck).
  3319 | D:4      | 3319 ||| Stepping randomly (stuck).
  3320 | D:4      | 3320 ||| Stepping randomly (stuck).
  3321 | D:4      | 3321 ||| Stepping randomly (stuck).
  3322 | D:4      | 3322 ||| Stepping randomly (stuck).
  3323 | D:4      | 3323 ||| Stepping randomly (stuck).
  3324 | D:4      | 3324 ||| Stepping randomly (stuck).
  3325 | D:4      | 3325 ||| Stepping randomly (stuck).
  3326 | D:4      | 3326 ||| Stepping randomly (stuck).
  3327 | D:4      | 3327 ||| Stepping randomly (stuck).
  3328 | D:4      | 3328 ||| Stepping randomly (stuck).
  3329 | D:4      | 3329 ||| Stepping randomly (stuck).
  3330 | D:4      | 3330 ||| Stepping randomly (stuck).
  3334 | D:4      | 3334 ||| Stepping randomly (stuck).
  3335 | D:4      | 3335 ||| Stepping randomly (stuck).
  3336 | D:4      | 3336 ||| Stepping randomly (stuck).
  3337 | D:4      | 3337 ||| Stepping randomly (stuck).
  3338 | D:4      | 3338 ||| Stepping randomly (stuck).
  3339 | D:4      | 3339 ||| Stepping randomly (stuck).
  3340 | D:4      | 3340 ||| Stepping randomly (stuck).
  3341 | D:4      | 3341 ||| Stepping randomly (stuck).
  3342 | D:4      | 3342 ||| Stepping randomly (stuck).
  3343 | D:4      | 3343 ||| Stepping randomly (stuck).
  3344 | D:4      | 3344 ||| Stepping randomly (stuck).
  3345 | D:4      | 3345 ||| Stepping randomly (stuck).
  3346 | D:4      | 3346 ||| Stepping randomly (stuck).
  3347 | D:4      | 3347 ||| Stepping randomly (stuck).
  3348 | D:4      | 3348 ||| Stepping randomly (stuck).
  3349 | D:4      | 3349 ||| Stepping randomly (stuck).
  3350 | D:4      | 3350 ||| Stepping randomly (stuck).
  3351 | D:4      | 3351 ||| Stepping randomly (stuck).
  3352 | D:4      | 3352 ||| Stepping randomly (stuck).
  3353 | D:4      | 3353 ||| Stepping randomly (stuck).
  3354 | D:4      | 3354 ||| Stepping randomly (stuck).
  3355 | D:4      | 3355 ||| Stepping randomly (stuck).
  3356 | D:4      | 3356 ||| Stepping randomly (stuck).
  3357 | D:4      | 3357 ||| Stepping randomly (stuck).
  3358 | D:4      | 3358 ||| Stepping randomly (stuck).
  3359 | D:4      | 3359 ||| Stepping randomly (stuck).
  3360 | D:4      | 3360 ||| Stepping randomly (stuck).
  3361 | D:4      | 3361 ||| Stepping randomly (stuck).
  3362 | D:4      | 3362 ||| Stepping randomly (stuck).
  3363 | D:4      | 3363 ||| Stepping randomly (stuck).
  3364 | D:4      | 3364 ||| Stepping randomly (stuck).
  3365 | D:4      | 3365 ||| Stepping randomly (stuck).
  3366 | D:4      | 3366 ||| Stepping randomly (stuck).
  3367 | D:4      | 3367 ||| Stepping randomly (stuck).
  3368 | D:4      | 3368 ||| Stepping randomly (stuck).
  3369 | D:4      | 3369 ||| Stepping randomly (stuck).
  3370 | D:4      | 3370 ||| Stepping randomly (stuck).
  3371 | D:4      | 3371 ||| Stepping randomly (stuck).
  3372 | D:4      | 3372 ||| Stepping randomly (stuck).
  3373 | D:4      | 3373 ||| Stepping randomly (stuck).
  3374 | D:4      | 3374 ||| Stepping randomly (stuck).
  3375 | D:4      | 3375 ||| Stepping randomly (stuck).
  3376 | D:4      | 3376 ||| Stepping randomly (stuck).
  3377 | D:4      | 3377 ||| Stepping randomly (stuck).
  3378 | D:4      | 3378 ||| Stepping randomly (stuck).
  3379 | D:4      | 3379 ||| Stepping randomly (stuck).
  3380 | D:4      | 3380 ||| Stepping randomly (stuck).
  3381 | D:4      | 3381 ||| Stepping randomly (stuck).
  3382 | D:4      | 3382 ||| Stepping randomly (stuck).
  3383 | D:4      | 3383 ||| Stepping randomly (stuck).
  3384 | D:4      | 3384 ||| Stepping randomly (stuck).
  3385 | D:4      | 3385 ||| Stepping randomly (stuck).
  3386 | D:4      | 3386 ||| Stepping randomly (stuck).
  3387 | D:4      | 3387 ||| Stepping randomly (stuck).
  3388 | D:4      | 3388 ||| Stepping randomly (stuck).
  3389 | D:4      | 3389 ||| Stepping randomly (stuck).
  3390 | D:4      | 3390 ||| Stepping randomly (stuck).
  3391 | D:4      | 3391 ||| Stepping randomly (stuck).
  3392 | D:4      | 3392 ||| Stepping randomly (stuck).
  3393 | D:4      | 3393 ||| Stepping randomly (stuck).
  3394 | D:4      | 3394 ||| Stepping randomly (stuck).
  3395 | D:4      | 3395 ||| Stepping randomly (stuck).
  3396 | D:4      | 3396 ||| Stepping randomly (stuck).
  3397 | D:4      | 3397 ||| Stepping randomly (stuck).
  3398 | D:4      | 3398 ||| Stepping randomly (stuck).
  3399 | D:4      | 3399 ||| Stepping randomly (stuck).
  3400 | D:4      | 3400 ||| Stepping randomly (stuck).
  3401 | D:4      | 3401 ||| Stepping randomly (stuck).
  3402 | D:4      | 3402 ||| Stepping randomly (stuck).
  3403 | D:4      | 3403 ||| Stepping randomly (stuck).
  3404 | D:4      | 3404 ||| Stepping randomly (stuck).
  3405 | D:4      | 3405 ||| Stepping randomly (stuck).
  3406 | D:4      | 3406 ||| Stepping randomly (stuck).
  3407 | D:4      | 3407 ||| Stepping randomly (stuck).
  3408 | D:4      | 3408 ||| Stepping randomly (stuck).
  3409 | D:4      | 3409 ||| Stepping randomly (stuck).
  3410 | D:4      | 3410 ||| Stepping randomly (stuck).
  3411 | D:4      | 3411 ||| Stepping randomly (stuck).
  3412 | D:4      | 3412 ||| Stepping randomly (stuck).
  3413 | D:4      | 3413 ||| Stepping randomly (stuck).
  3414 | D:4      | 3414 ||| Stepping randomly (stuck).
  3415 | D:4      | 3415 ||| Stepping randomly (stuck).
  3416 | D:4      | 3416 ||| Stepping randomly (stuck).
  3417 | D:4      | 3417 ||| Stepping randomly (stuck).
  3418 | D:4      | 3418 ||| Stepping randomly (stuck).
  3419 | D:4      | 3419 ||| Stepping randomly (stuck).
  3420 | D:4      | 3420 ||| Stepping randomly (stuck).
  3421 | D:4      | 3421 ||| Stepping randomly (stuck).
  3422 | D:4      | 3422 ||| Stepping randomly (stuck).
  3423 | D:4      | 3423 ||| Stepping randomly (stuck).
  3424 | D:4      | 3424 ||| Stepping randomly (stuck).
  3425 | D:4      | 3425 ||| Stepping randomly (stuck).
  3426 | D:4      | 3426 ||| Stepping randomly (stuck).
  3427 | D:4      | 3427 ||| Stepping randomly (stuck).
  3428 | D:4      | 3428 ||| Stepping randomly (stuck).
  3429 | D:4      | 3429 ||| Stepping randomly (stuck).
  3430 | D:4      | 3430 ||| Stepping randomly (stuck).
  3431 | D:4      | 3431 ||| Stepping randomly (stuck).
  3432 | D:4      | 3432 ||| Stepping randomly (stuck).
  3433 | D:4      | 3433 ||| Stepping randomly (stuck).
  3434 | D:4      | 3434 ||| Stepping randomly (stuck).
  3435 | D:4      | 3435 ||| Stepping randomly (stuck).
  3436 | D:4      | 3436 ||| Stepping randomly (stuck).
  3437 | D:4      | 3437 ||| Stepping randomly (stuck).
  3438 | D:4      | 3438 ||| Stepping randomly (stuck).
  3439 | D:4      | 3439 ||| Stepping randomly (stuck).
  3440 | D:4      | 3440 ||| Stepping randomly (stuck).
  3441 | D:4      | 3441 ||| Stepping randomly (stuck).
  3442 | D:4      | 3442 ||| Stepping randomly (stuck).
  3443 | D:4      | 3443 ||| Stepping randomly (stuck).
  3444 | D:4      | 3444 ||| Stepping randomly (stuck).
  3445 | D:4      | 3445 ||| Stepping randomly (stuck).
  3446 | D:4      | 3446 ||| Stepping randomly (stuck).
  3447 | D:4      | 3447 ||| Stepping randomly (stuck).
  3448 | D:4      | 3448 ||| Stepping randomly (stuck).
  3449 | D:4      | 3449 ||| Stepping randomly (stuck).
  3450 | D:4      | 3450 ||| Stepping randomly (stuck).
  3451 | D:4      | 3451 ||| Stepping randomly (stuck).
  3452 | D:4      | 3452 ||| Stepping randomly (stuck).
  3453 | D:4      | 3453 ||| Stepping randomly (stuck).
  3454 | D:4      | 3454 ||| Stepping randomly (stuck).
  3455 | D:4      | 3455 ||| Stepping randomly (stuck).
  3456 | D:4      | 3456 ||| Stepping randomly (stuck).
  3457 | D:4      | 3457 ||| Stepping randomly (stuck).
  3458 | D:4      | 3458 ||| Stepping randomly (stuck).
  3459 | D:4      | 3459 ||| Stepping randomly (stuck).
  3460 | D:4      | 3460 ||| Stepping randomly (stuck).
  3461 | D:4      | 3461 ||| Stepping randomly (stuck).
  3462 | D:4      | 3462 ||| Stepping randomly (stuck).
  3463 | D:4      | 3463 ||| Stepping randomly (stuck).
  3464 | D:4      | 3464 ||| Stepping randomly (stuck).
  3465 | D:4      | 3465 ||| Stepping randomly (stuck).
  3466 | D:4      | 3466 ||| Stepping randomly (stuck).
  3467 | D:4      | 3467 ||| Stepping randomly (stuck).
  3468 | D:4      | 3468 ||| Stepping randomly (stuck).
  3469 | D:4      | 3469 ||| Stepping randomly (stuck).
  3470 | D:4      | 3470 ||| Stepping randomly (stuck).
  3471 | D:4      | 3471 ||| Stepping randomly (stuck).
  3472 | D:4      | 3472 ||| Stepping randomly (stuck).
  3473 | D:4      | 3473 ||| Stepping randomly (stuck).
  3474 | D:4      | 3474 ||| Stepping randomly (stuck).
  3475 | D:4      | 3475 ||| Stepping randomly (stuck).
  3476 | D:4      | 3476 ||| Stepping randomly (stuck).
  3477 | D:4      | 3477 ||| Stepping randomly (stuck).
  3478 | D:4      | 3478 ||| Stepping randomly (stuck).
  3479 | D:4      | 3479 ||| Stepping randomly (stuck).
  3480 | D:4      | 3480 ||| Stepping randomly (stuck).
  3481 | D:4      | 3481 ||| Stepping randomly (stuck).
  3482 | D:4      | 3482 ||| Stepping randomly (stuck).
  3483 | D:4      | 3483 ||| Stepping randomly (stuck).
  3484 | D:4      | 3484 ||| Stepping randomly (stuck).
  3485 | D:4      | 3485 ||| Stepping randomly (stuck).
  3486 | D:4      | 3486 ||| Stepping randomly (stuck).
  3487 | D:4      | 3487 ||| Stepping randomly (stuck).
  3488 | D:4      | 3488 ||| Stepping randomly (stuck).
  3489 | D:4      | 3489 ||| Stepping randomly (stuck).
  3490 | D:4      | 3490 ||| Stepping randomly (stuck).
  3491 | D:4      | 3491 ||| Stepping randomly (stuck).
  3492 | D:4      | 3492 ||| Stepping randomly (stuck).
  3493 | D:4      | 3493 ||| Stepping randomly (stuck).
  3494 | D:4      | 3494 ||| Stepping randomly (stuck).
  3495 | D:4      | 3495 ||| Stepping randomly (stuck).
  3496 | D:4      | 3496 ||| Stepping randomly (stuck).
  3497 | D:4      | 3497 ||| Stepping randomly (stuck).
  3498 | D:4      | 3498 ||| Stepping randomly (stuck).
  3499 | D:4      | 3499 ||| Stepping randomly (stuck).
  3500 | D:4      | 3500 ||| Stepping randomly (stuck).
  3501 | D:4      | 3501 ||| Stepping randomly (stuck).
  3502 | D:4      | 3502 ||| Stepping randomly (stuck).
  3503 | D:4      | 3503 ||| Stepping randomly (stuck).
  3504 | D:4      | 3504 ||| Stepping randomly (stuck).
  3505 | D:4      | 3505 ||| Stepping randomly (stuck).
  3506 | D:4      | 3506 ||| Stepping randomly (stuck).
  3507 | D:4      | 3507 ||| Stepping randomly (stuck).
  3508 | D:4      | 3508 ||| Stepping randomly (stuck).
  3509 | D:4      | 3509 ||| Stepping randomly (stuck).
  3510 | D:4      | 3510 ||| Stepping randomly (stuck).
  3511 | D:4      | 3511 ||| Stepping randomly (stuck).
  3512 | D:4      | 3512 ||| Stepping randomly (stuck).
  3513 | D:4      | 3513 ||| Stepping randomly (stuck).
  3514 | D:4      | 3514 ||| Stepping randomly (stuck).
  3515 | D:4      | 3515 ||| Stepping randomly (stuck).
  3516 | D:4      | 3516 ||| Stepping randomly (stuck).
  3517 | D:4      | 3517 ||| Stepping randomly (stuck).
  3518 | D:4      | 3518 ||| Stepping randomly (stuck).
  3519 | D:4      | 3519 ||| Stepping randomly (stuck).
  3520 | D:4      | 3520 ||| Stepping randomly (stuck).
  3521 | D:4      | 3521 ||| Stepping randomly (stuck).
  3522 | D:4      | 3522 ||| Stepping randomly (stuck).
  3523 | D:4      | 3523 ||| Stepping randomly (stuck).
  3524 | D:4      | 3524 ||| Stepping randomly (stuck).
  3525 | D:4      | 3525 ||| Stepping randomly (stuck).
  3526 | D:4      | 3526 ||| Stepping randomly (stuck).
  3527 | D:4      | 3527 ||| Stepping randomly (stuck).
  3528 | D:4      | 3528 ||| Stepping randomly (stuck).
  3529 | D:4      | 3529 ||| Stepping randomly (stuck).
  3530 | D:4      | 3530 ||| Stepping randomly (stuck).
  3531 | D:4      | 3531 ||| Stepping randomly (stuck).
  3532 | D:4      | 3532 ||| Stepping randomly (stuck).
  3533 | D:4      | 3533 ||| Stepping randomly (stuck).
  3534 | D:4      | 3534 ||| Stepping randomly (stuck).
  3535 | D:4      | 3535 ||| Stepping randomly (stuck).
  3536 | D:4      | 3536 ||| Stepping randomly (stuck).
  3537 | D:4      | 3537 ||| Stepping randomly (stuck).
  3538 | D:4      | 3538 ||| Stepping randomly (stuck).
  3539 | D:4      | 3539 ||| Stepping randomly (stuck).
  3540 | D:4      | 3540 ||| Stepping randomly (stuck).
  3541 | D:4      | 3541 ||| Stepping randomly (stuck).
  3542 | D:4      | 3542 ||| Stepping randomly (stuck).
  3543 | D:4      | 3543 ||| Stepping randomly (stuck).
  3544 | D:4      | 3544 ||| Stepping randomly (stuck).
  3545 | D:4      | 3545 ||| Stepping randomly (stuck).
  3546 | D:4      | 3546 ||| Stepping randomly (stuck).
  3547 | D:4      | 3547 ||| Stepping randomly (stuck).
  3548 | D:4      | 3548 ||| Stepping randomly (stuck).
  3549 | D:4      | 3549 ||| Stepping randomly (stuck).
  3550 | D:4      | 3550 ||| Stepping randomly (stuck).
  3551 | D:4      | 3551 ||| Stepping randomly (stuck).
  3552 | D:4      | 3552 ||| Stepping randomly (stuck).
  3553 | D:4      | 3553 ||| Stepping randomly (stuck).
  3554 | D:4      | 3554 ||| Stepping randomly (stuck).
  3555 | D:4      | 3555 ||| Stepping randomly (stuck).
  3556 | D:4      | 3556 ||| Stepping randomly (stuck).
  3557 | D:4      | 3557 ||| Stepping randomly (stuck).
  3558 | D:4      | 3558 ||| Stepping randomly (stuck).
  3559 | D:4      | 3559 ||| Stepping randomly (stuck).
  3560 | D:4      | 3560 ||| Stepping randomly (stuck).
  3561 | D:4      | 3561 ||| Stepping randomly (stuck).
  3562 | D:4      | 3562 ||| Stepping randomly (stuck).
  3563 | D:4      | 3563 ||| Stepping randomly (stuck).
  3564 | D:4      | 3564 ||| Stepping randomly (stuck).
  3565 | D:4      | 3565 ||| Stepping randomly (stuck).
  3566 | D:4      | 3566 ||| Stepping randomly (stuck).
  3567 | D:4      | 3567 ||| Stepping randomly (stuck).
  3568 | D:4      | 3568 ||| Stepping randomly (stuck).
  3569 | D:4      | 3569 ||| Stepping randomly (stuck).
  3570 | D:4      | 3570 ||| Stepping randomly (stuck).
  3571 | D:4      | 3571 ||| Stepping randomly (stuck).
  3572 | D:4      | 3572 ||| Stepping randomly (stuck).
  3573 | D:4      | 3573 ||| Stepping randomly (stuck).
  3574 | D:4      | 3574 ||| Stepping randomly (stuck).
  3575 | D:4      | 3575 ||| Stepping randomly (stuck).
  3576 | D:4      | 3576 ||| Stepping randomly (stuck).
  3577 | D:4      | 3577 ||| Stepping randomly (stuck).
  3578 | D:4      | 3578 ||| Stepping randomly (stuck).
  3579 | D:4      | 3579 ||| Stepping randomly (stuck).
  3580 | D:4      | 3580 ||| Stepping randomly (stuck).
  3581 | D:4      | 3581 ||| Stepping randomly (stuck).
  3582 | D:4      | 3582 ||| Stepping randomly (stuck).
  3583 | D:4      | 3583 ||| Stepping randomly (stuck).
  3584 | D:4      | 3584 ||| Stepping randomly (stuck).
  3585 | D:4      | 3585 ||| Stepping randomly (stuck).
  3586 | D:4      | 3586 ||| Stepping randomly (stuck).
  3587 | D:4      | 3587 ||| Stepping randomly (stuck).
  3588 | D:4      | 3588 ||| Stepping randomly (stuck).
  3589 | D:4      | 3589 ||| Stepping randomly (stuck).
  3590 | D:4      | 3590 ||| Stepping randomly (stuck).
  3591 | D:4      | 3591 ||| Stepping randomly (stuck).
  3592 | D:4      | 3592 ||| Stepping randomly (stuck).
  3593 | D:4      | 3593 ||| Stepping randomly (stuck).
  3594 | D:4      | 3594 ||| Stepping randomly (stuck).
  3595 | D:4      | 3595 ||| Stepping randomly (stuck).
  3596 | D:4      | 3596 ||| Stepping randomly (stuck).
  3597 | D:4      | 3597 ||| Stepping randomly (stuck).
  3598 | D:4      | 3598 ||| Stepping randomly (stuck).
  3599 | D:4      | 3599 ||| Stepping randomly (stuck).
  3600 | D:4      | 3600 ||| Stepping randomly (stuck).
  3601 | D:4      | 3601 ||| Stepping randomly (stuck).
  3602 | D:4      | 3602 ||| Stepping randomly (stuck).
  3603 | D:4      | 3603 ||| Stepping randomly (stuck).
  3604 | D:4      | 3604 ||| Stepping randomly (stuck).
  3605 | D:4      | 3605 ||| Stepping randomly (stuck).
  3606 | D:4      | 3606 ||| Stepping randomly (stuck).
  3607 | D:4      | 3607 ||| Stepping randomly (stuck).
  3608 | D:4      | 3608 ||| Stepping randomly (stuck).
  3609 | D:4      | 3609 ||| Stepping randomly (stuck).
  3610 | D:4      | 3610 ||| Stepping randomly (stuck).
  3611 | D:4      | 3611 ||| Stepping randomly (stuck).
  3612 | D:4      | 3612 ||| Stepping randomly (stuck).
  3613 | D:4      | 3613 ||| Stepping randomly (stuck).
  3614 | D:4      | 3614 ||| Stepping randomly (stuck).
  3615 | D:4      | 3615 ||| Stepping randomly (stuck).
  3616 | D:4      | 3616 ||| Stepping randomly (stuck).
  3617 | D:4      | 3617 ||| Stepping randomly (stuck).
  3618 | D:4      | 3618 ||| Stepping randomly (stuck).
  3619 | D:4      | 3619 ||| Stepping randomly (stuck).
  3620 | D:4      | 3620 ||| Stepping randomly (stuck).
  3621 | D:4      | 3621 ||| Stepping randomly (stuck).
  3622 | D:4      | 3622 ||| Stepping randomly (stuck).
  3623 | D:4      | 3623 ||| Stepping randomly (stuck).
  3624 | D:4      | 3624 ||| Stepping randomly (stuck).
  3625 | D:4      | 3625 ||| Stepping randomly (stuck).
  3626 | D:4      | 3626 ||| Stepping randomly (stuck).
  3627 | D:4      | 3627 ||| Stepping randomly (stuck).
  3628 | D:4      | 3628 ||| Stepping randomly (stuck).
  3629 | D:4      | 3629 ||| Stepping randomly (stuck).
  3630 | D:4      | 3630 ||| Stepping randomly (stuck).
  3631 | D:4      | 3631 ||| Stepping randomly (stuck).
  3632 | D:4      | 3632 ||| Stepping randomly (stuck).
  3633 | D:4      | 3633 ||| Stepping randomly (stuck).
  3634 | D:4      | 3634 ||| Stepping randomly (stuck).
  3635 | D:4      | 3635 ||| Stepping randomly (stuck).
  3636 | D:4      | 3636 ||| Stepping randomly (stuck).
  3637 | D:4      | 3637 ||| Stepping randomly (stuck).
  3638 | D:4      | 3638 ||| Stepping randomly (stuck).
  3639 | D:4      | 3639 ||| Stepping randomly (stuck).
  3640 | D:4      | 3640 ||| Stepping randomly (stuck).
  3641 | D:4      | 3641 ||| Stepping randomly (stuck).
  3642 | D:4      | 3642 ||| Stepping randomly (stuck).
  3643 | D:4      | 3643 ||| Stepping randomly (stuck).
  3644 | D:4      | 3644 ||| Stepping randomly (stuck).
  3645 | D:4      | 3645 ||| Stepping randomly (stuck).
  3646 | D:4      | 3646 ||| Stepping randomly (stuck).
  3647 | D:4      | 3647 ||| Stepping randomly (stuck).
  3648 | D:4      | 3648 ||| Stepping randomly (stuck).
  3649 | D:4      | 3649 ||| Stepping randomly (stuck).
  3650 | D:4      | 3650 ||| Stepping randomly (stuck).
  3651 | D:4      | 3651 ||| Stepping randomly (stuck).
  3652 | D:4      | 3652 ||| Stepping randomly (stuck).
  3653 | D:4      | 3653 ||| Stepping randomly (stuck).
  3654 | D:4      | 3654 ||| Stepping randomly (stuck).
  3655 | D:4      | 3655 ||| Stepping ~*~*~tactically~*~*~ (stealth).
  3656 | D:4      | 3656 ||| Stepping randomly (stuck).
  3657 | D:4      | 3657 ||| Stepping randomly (stuck).
  3693 | D:4      | 3693 ||| Stepping randomly (stuck).
  3695 | D:4      | 3695 ||| Stepping randomly (stuck).
  3696 | D:4      | 3696 ||| Stepping randomly (stuck).
  3697 | D:4      | 3697 ||| Stepping randomly (stuck).
  3698 | D:4      | 3698 ||| Stepping randomly (stuck).
  3699 | D:4      | 3699 ||| Stepping randomly (stuck).
  3700 | D:4      | 3700 ||| Stepping randomly (stuck).
  3701 | D:4      | 3701 ||| QUITTING!
  3701 | D:4      | Quit the game

Levels and vault maps discovered:
D:1:      giann_wishing_wells, layout_loops_corners,
          hangedman_abyss_or_decor_lesser_grid
D:2:      layout_basic, basic_altar, uniq_crazy_yiuf_cottage
D:3:      layout_rooms
D:4:      layout_rooms, nemelex_xobeh_ov_fountains_minmay, marbit_many_paths,
          minmay_temple_entry_statues_fountains, uniq_eustachio

Skill      XL: |  1  2  3  4  5 |
---------------+----------------+-----
Axes           | 2 3 4 5 |  5.5
Throwing       | 1 |  1.2
Fighting       | 4 |  4.2
Armour         | |  3.2
Shields        | |  3.2

Action                     |  1- 3 |  4- 6 || total
---------------------------+-------+-------++-------
  Melee: War axe           |   108 |    83 ||   191
  Throw: Boomerang         |       |    29 ||    29
         Javelin           |       |     6 ||     6
    Use: Scroll            |     3 |    10 ||    13
         Potion            |       |     1 ||     1
 Armour: Scale mail        |    19 |       ||    19
         Plate armour      |    68 |    69 ||   137
  Dodge: Dodged            |    41 |    32 ||    73
  Block: Buckler           |    21 |    25 ||    46

Table legend:
 A = Non-vault XP
 B = Vault XP
 C = Vault XP percentage of total XP
 D = Non-vault monster count
 E = Vault monster count
 F = Vault count percentage of total count
                 A         B        C        D         E       F
            +---------+---------+-------+---------+---------+-------
      Total |     496 |       0 |   0.0 |      72 |       0 |   0.0
            +---------+---------+-------+---------+---------+-------
        D:1 |      16 |       0 |   0.0 |      11 |       0 |   0.0
        D:2 |      71 |       0 |   0.0 |      19 |       0 |   0.0
        D:3 |     148 |       0 |   0.0 |      29 |       0 |   0.0
        D:4 |     261 |       0 |   0.0 |      13 |       0 |   0.0
            +---------+---------+-------+---------+---------+-------
